cohdb
Replays
Latest Replays
All Replays
Popular Replays
Top Player Replays
Match Explorer
How It Works
Community
CoH3 Stats
Reddit
Sign in to upload your games and track your stats! →
Sign in with Steam
Match 42172465
Unlisted
Match 42172465
Overview
Messages
Build Orders
End
Construct Barracks
Selects Heavy Weapons
Riflemen Squad
Riflemen Squad
M1 Mortar Team
Construct Weapon Support Center
M1919 Machine Gun Team
Selects M2HB .50cal Heavy Machine Gun
Bazooka Squad
Bazooka Squad
Air Support Center
GoupiL ☮
MrLoser ★
Piroman 28
Doggy
PoppaMies
Mustache and Melons
0
0
Comments
sign in to comment!
No comments posted yet!